Cogmind - Beta 17.1 @@@ ROGUE MODE // 2026.08.27 @ 09:11:54 Player: Six of Ten Result: Destroyed by 7P-6TO(R) with Subdweller Machine Gun Performance ------------- Evolutions (0) 0 Regions Visited (3) 600 Robots Destroyed (13) 65 Value Destroyed (370) 370 Prototype IDs (0) 0 Alien Tech Used (0) 0 Bonus (-5) -5 TOTAL SCORE: 1030 Bonus ------- Follower Combat Kills 21 Friendly Fire -26 Cogmind --------- Core Integrity 0/250 Matter 261/300 Energy 200/200 System Corruption 0% Temperature Cool (0) Movement Rolling (115) Ox1 Location -10/Subcaves Parts ------- > --- POWER (1) -------- Subdweller Power Source > --- PROPULSION (2) --- Light Treads Compact Wheel > --- UTILITY (2) ------ Scrap Shield > --- WEAPON (2) ------- Battle Rifle > --- INVENTORY (5) ---- Compact Wheel Riot Gun Grenade Launcher Subdweller Shrapnel Launcher Mining Laser Peak State ------------ > --- POWER ------------ Subdweller Power Source > --- PROPULSION ------- Light Treads Compact Wheel > --- UTILITY ---------- Scrap Shield > --- WEAPON ----------- Battle Rifle Subdweller Machine Gun > --- INVENTORY -------- Compact Wheel Riot Gun Grenade Launcher Subdweller Shrapnel Launcher Mining Laser [Rating: 12] Favorites ----------- Power Light Ion Engine Engine Light Ion Engine Propulsion Light Treads Treads Light Treads Leg Aluminum Leg Wheel Wheel Utility Small Storage Unit Device Subdweller Optics Storage Small Storage Unit Protection Scrap Shield Weapon Subdweller Machine Gun Energy Gun Small Laser Ballistic Gun Subdweller Machine Gun Launcher Grenade Launcher Special Weapon Mining Laser Build | -11 -10 -10 -10 ------- Run | Yrd Mat Min Sub Slots Evolved . | . . . . Power . | . . . . Propulsion . | . . . . Utility . | . . . . Weapon . | . . . . Parts Attached 29 | 6 1 11 11 Power 6 | 1 . 2 3 Engine 6 | 1 . 2 3 Core . | . . . . Reactor . | . . . . Propulsion 7 | 2 . 2 3 Treads 3 | . . 1 2 Leg 2 | 2 . . . Wheel 2 | . . 1 1 Hover . | . . . . Flight . | . . . . Utility 4 | 1 1 . 2 Device 1 | . . . 1 Storage 2 | 1 1 . . Processor . | . . . . Hackware . | . . . . Protection 1 | . . . 1 Artifact . | . . . . Weapon 12 | 2 . 7 3 Energy Gun 2 | 2 . . . Energy Cannon . | . . . . Ballistic Gun 8 | . . 5 3 Ballistic Cannon . | . . . . Launcher 1 | . . 1 . Special Weapon 1 | . . 1 . Impact Weapon . | . . . . Slashing Weapon . | . . . . Piercing Weapon . | . . . . Special Melee Weapon . | . . . . Unidentified Prototypes . | . . . . Parts Lost 10 | . . 3 7 Power 3 | . . 1 2 Propulsion 4 | . . 1 3 Utility 1 | . . . 1 Weapon 2 | . . 1 1 Highest Loss Streak 3 | . . 3 3 To Critical Strikes 2 | . . . 2 Average Backups 7 | 3 6 7 7 Power 1 | . 1 1 1 Propulsion 3 | 2 4 4 3 Utility . | . . . . Weapon 2 | . 1 2 3 Tool/Special . | . . . . Unused Backups 4 | . . . 4 Power . | . . . . Propulsion 2 | . . . 2 Utility . | . . . . Weapon 2 | . . . 2 Tool/Special . | . . . . Average Slot Usage (%) 85 | . 85 97 81 Engine 11 | . 14 13 10 Treads 10 | . . 6 12 Leg 4 | . 28 14 . Wheel 3 | . . 6 3 Device 5 | . . . 7 Storage 20 | . 14 28 18 Energy Gun 2 | . 28 4 . Ballistic Gun 21 | . . 22 23 Special Weapon 3 | . . . 4 Peak Build Rating 12 | 6 7 10 12 Average Rating 8 | 4 6 6 9 On Entrance 5 | . 6 7 7 Avg Prop Armor Cover (%) 12 | . . 12 13 Naked Turns . | . . . . Heaviest Build 29 | 10 12 14 29 Greatest Support 40 | 20 20 20 40 Greatest Overweight (x) 5 | . . 1 5 Average Overweight (x) . | . . . . Largest Inventory Capacity 8 | 8 8 8 8 Average Capacity 7 | 6 8 8 7 Most Carried 8 | 6 8 8 8 Average Carried 7 | 3 6 7 7 Final Capacity 8 | 8 8 8 5 Final Carried 8 | 6 8 8 5 Class Distribution -------------------- 100% | Mutant Dominant Class ---------------- Mutant | -10/Materials Mutant | -10/Mines Mutant | -10/Subcaves Resources | -11 -10 -10 -10 ----------- Run | Yrd Mat Min Sub Matter Collected 821 | 180 . 198 443 Remotely . | . . . . Salvage Created 467 | . . 150 317 Parts 27 | . . 11 16 Haulers Intercepted . | . . . . Recyclers Shooed . | . . . . Parts Field Recycled . | . . . . Retrieved Matter . | . . . . Parts Self-Destructed 1 | . . . 1 Prevented . | . . . . Parts Restored . | . . . . Kills | -11 -10 -10 -10 ------- Run | Yrd Mat Min Sub Combat Hostiles Destroyed 27 | . . 20 7 Guns 12 | . . 5 7 AOE 15 | . . 15 . Classes Destroyed 7 | . . 5 2 Worker 1 | . . 1 . Builder 1 | . . 1 . Swarmer 3 | . . 3 . Grunt 2 | . . . 2 Demolisher 1 | . . 1 . Subdweller 5 | . . . 5 Assembled 16 | . . 16 . Best Kill Streak 18 | . . 18 2 Combat Bots Only 16 | . . 16 2 Max Kills in Single Turn 6 | . . 6 1 Gunslinging . | . . . . Exploded 6 | . . 6 . Melee . | . . . . Uniques/NPCs Destroyed . | . . . . Combat | -11 -10 -10 -10 -------- Run | Yrd Mat Min Sub Hostile Shots Fired 103 | . . 55 48 Missed 31 | . . 18 13 Hits 72 | . . 37 35 Projectile 72 | . . 37 35 AOE 9 | . . 9 . Critical Strikes 3 | . . . 3 Damage Taken 1326 | . . 580 746 Core 259 | . . 87 172 Absorbed by Shields . | . . . . Core Remaining (%) 100 | 100 . . . Volleys Fired 95 | . . 30 65 Largest 2 | . . 2 2 Hottest 130 | . . 120 130 Shots Fired 165 | . . 59 106 Gun 134 | . . 51 83 Cannon . | . . . . Launcher 7 | . . 7 . Special 24 | . . 1 23 Kinetic 126 | . . 43 83 Thermal 32 | . . 9 23 Explosive 7 | . . 7 . Electromagnetic . | . . . . Robot Hit Streak 16 | . . 4 16 Robot Miss Streak 3 | . . 3 3 Penetration Max . | . . . . Secondary Targets 2 | . . 1 1 Max Gunslinging Chain 1 | . . 1 1 Shots Hit Robots 90 | . . 30 60 Core Hits 72 | . . 50 22 Critical Kills . | . . . . Critical Parts Destroyed 1 | . . . 1 Critical Strikes 2 | . . . 2 Destroy 2 | . . . 2 Melee Attacks . | . . . . Impact . | . . . . Slashing . | . . . . Piercing . | . . . . Sneak Attacks . | . . . . Combat Hostiles . | . . . . Follow-up Attacks . | . . . . Damage Inflicted 2320 | . . 1328 992 Guns 1268 | . . 276 992 Cannons . | . . . . Explosions 1052 | . . 1052 . Melee . | . . . . Ramming . | . . . . Kinetic 1235 | . . 243 992 Thermal 33 | . . 33 . Explosive 1052 | . . 1052 . Electromagnetic . | . . . . Impact . | . . . . Slashing . | . . . . Piercing . | . . . . Highest Corruption . | . . . . Average Corruption . | . . . . Corruption Purged . | . . . . Corruption Blocked . | . . . . Overload Shots . | . . . . Overflow Damage 14 | . . 14 . Projectiles . | . . . . Explosions 14 | . . 14 . Melee . | . . . . Knockbacks . | . . . . Impact . | . . . . Kinetic . | . . . . Secondary . | . . . . Self-Inflicted Damage 9 | . . 9 . Shots 1 | . . 1 . Rammed . | . . . . Targets Rammed . | . . . . Kicked . | . . . . Crushed . | . . . . Highest Temperature 40 | . . 40 . Average Temperature 13 | . . 13 . Received Heat Transfer 117 | . . . 117 Siege Activations . | . . . . Martial Activations . | . . . . Shielding Activations . | . . . . Robots Disrupted . | . . . . Combat Hostiles . | . . . . Robots Corrupted . | . . . . Combat Hostiles . | . . . . Parts Fried . | . . . . Impact Corruptions . | . . . . Robots Melted . | . . . . Combat Hostiles . | . . . . Parts Melted . | . . . . Heat Transferred 75 | . . 75 . Parts Sabotaged . | . . . . Parts Stolen . | . . . . Parts Stripped . | . . . . Power Chain Reactions . | . . . . Alert | -11 -10 -10 -10 ------- Run | Yrd Mat Min Sub Maximum Alert Level . | . . . . Low Security (%) 100 | 100 100 100 . Level 1 . | . . . . Level 2 . | . . . . Level 3 . | . . . . Level 4 . | . . . . Level 5 . | . . . . High Security . | . . . . Max Security . | . . . . Peak Influence 68 | . 13 68 . Initial . | . . . . Average 13 | . 2 18 . Influence Increases 276 | . 13 213 50 Destroy 0b10 Robot/C 180 | . . 140 40 Destroy 0b10 Robot/NC 10 | . . 10 . Destroy Leader 30 | . . 20 10 Allied During Kill 8 | . . 8 . Successful Hack 13 | . 13 . . Destroy Structure 35 | . . 35 . Influence Decreases 276 | . 13 161 102 Entered New Map 28 | . . . 28 Time Decay 205 | . 13 118 74 Lost Part 23 | . . 23 . Lost Ally 20 | . . 20 . Squads Dispatched . | . . . . Investigation . | . . . . Extermination . | . . . . Reinforcement . | . . . . Assault . | . . . . Garrison . | . . . . Intercept . | . . . . Searches Triggered . | . . . . Construction Impeded . | . . . . Haulers Reinforced . | . . . . Active Scanning Responses . | . . . . Cargo Convoy Interrupts . | . . . . Stealth | -11 -10 -10 -10 --------- Run | Yrd Mat Min Sub Distress Signals . | . . . . Communications Jammed . | . . . . Distress Signals . | . . . . Times Spotted 36 | . 1 27 8 Peak Tracking Total 14 | . 2 14 2 Tactical Retreats . | . . . . Traps | -11 -10 -10 -10 ------- Run | Yrd Mat Min Sub Traps Triggered 2 | . . . 2 Indirectly . | . . . . Trap Hack Attempts . | . . . . Triggered . | . . . . Disarmed . | . . . . Reprogrammed . | . . . . Reused . | . . . . Traps Extracted . | . . . . Installed . | . . . . Triggered . | . . . . Machines | -11 -10 -10 -10 ---------- Run | Yrd Mat Min Sub Machines Disabled . | . . . . Max in Single Turn . | . . . . Machines Repaired . | . . . . Machines Dismantled . | . . . . Machines Sabotaged . | . . . . Overloaded Fab Kills . | . . . . Hacking | -11 -10 -10 -10 --------- Run | Yrd Mat Min Sub Machines Accessed 3 | . 1 1 1 Terminals 2 | . 1 1 . Fabricators . | . . . . Repair Stations . | . . . . Recycling Units . | . . . . Scanalyzers . | . . . . Garrison Access . | . . . . Total Hacks 9 | . 3 1 5 Successful 8 | . 2 1 5 Failed 1 | . 1 . . Catastrophic . | . . . . Database Lockouts . | . . . . Manual 3 | . 3 . . Terminals 4 | . 3 1 . Fabricators . | . . . . Repair Stations . | . . . . Recycling Units . | . . . . Scanalyzers . | . . . . Garrison Access . | . . . . Terminal Hacks 7 | . 1 1 5 Record 5 | . . . 5 Branch Access Points 1 | . 1 . . Zone Layout 1 | . . 1 . Fabricator Hacks . | . . . . Repair Station Hacks . | . . . . Recycling Unit Hacks . | . . . . Scanalyzer . | . . . . Garrison Access Hacks . | . . . . Unauthorized Hacks 1 | . 1 . . Terminals 1 | . 1 . . Botnet 1 | . 1 . . Fabricators . | . . . . Repair Stations . | . . . . Recycling Units . | . . . . Scanalyzers . | . . . . Garrison Access . | . . . . Data Cores Recovered . | . . . . Used . | . . . . Hacking Detections 2 | . 1 1 . Full Trace Events . | . . . . Feedback Events . | . . . . Feedback Blocked . | . . . . Robot Schematics Acquired . | . . . . Robots Built . | . . . . Authchips . | . . . . Time . | . . . . Total Robot Build Rating . | . . . . Part Schematics Acquired . | . . . . Parts Built . | . . . . Authchips . | . . . . Time . | . . . . Total Part Build Rating . | . . . . Part Studies Acquired . | . . . . Parts Repaired . | . . . . Time . | . . . . Parts Recycled . | . . . . Recycled Matter . | . . . . Retrieved Matter . | . . . . Retrieved Components . | . . . . Parts Scanalyzed . | . . . . Part Schematics Acquired . | . . . . Parts Damaged . | . . . . Bothacking | -11 -10 -10 -10 ------------ Run | Yrd Mat Min Sub Used RIF Installer . | . . . . Robots Hacked . | . . . . Non-combat . | . . . . Combat . | . . . . Robot Hacks Applied . | . . . . Relay Couplers Released . | . . . . Fabnet Peak Effective % . | . . . . Robots Rewired . | . . . . Allies Hacked . | . . . . Hacks Repelled . | . . . . Allies | -11 -10 -10 -10 -------- Run | Yrd Mat Min Sub Total Allies 2 | . . 2 . Largest Group 2 | . . 2 . Highest-Rated Group 49 | . . 49 . Highest-Rated Ally 31 | . . 31 . Total Orders . | . . . . Ally Attacks 17 | . . 17 . Total Damage 199 | . . 199 . Kills 6 | . . 6 . Allies Corrupted . | . . . . Allies Melted . | . . . . Intel | -11 -10 -10 -10 ------- Run | Yrd Mat Min Sub Active Infowar (turns) 125 | . . . 125 Optics 125 | . . . 125 Robot Analysis Total . | . . . . Derelict Logs Recovered . | . . . . Drone Launches . | . . . . Drone Recoveries . | . . . . Exploration | -11 -10 -10 -10 ------------- Run | Yrd Mat Min Sub Turns Passed 2130 | 76 97 410 1547 Spaces Moved 1165 | 54 71 260 780 Core 125 | 5 . . 120 Treads 418 | . . 9 409 Legs 243 | 49 71 123 . Wheels 379 | . . 128 251 Hover . | . . . . Flight . | . . . . Fastest Speed 50 | 50 120 95 95 Average Speed 143 | 113 120 109 158 Slowest Speed 300 | 120 120 190 300 Overloaded Moves . | . . . . Propulsion Burnouts . | . . . . Robots Hopped . | . . . . Potential Cave-ins . | . . . . Cave-ins Triggered . | . . . . Exploration Rate (%) 32 | 4 20 57 47 Regions Visited 3 Branch Regions 2 Pre-discovered Areas 1 | . . . 1 Known Exits Taken 1 | . 1 . . Unknown Exits Taken 2 | 1 . 1 . Scrap Searched . | . . . . Spaces Dug . | . . . . Terrain Destroyed 45 | . . 45 . Melee . | . . . . Projectile . | . . . . AOE 45 | . . 45 . Terrain Rammed . | . . . . Walls Destroyed . | . . . . Machines Disabled . | . . . . Actions | -11 -10 -10 -10 --------- Run | Yrd Mat Min Sub Total 1413 | 65 82 327 939 Wait 90 | . 9 18 63 Move 1162 | 53 70 259 780 Hop . | . . . . Pick Up 13 | 6 2 1 4 Fast Attach 13 | 6 1 2 4 Attach 5 | . . 1 4 Detach . | . . . . Swap 24 | . . 13 11 Drop 10 | . . 3 7 Fire 95 | . . 30 65 Melee . | . . . . Ram . | . . . . Kick . | . . . . Crush . | . . . . Escape Stasis . | . . . . Rewire . | . . . . Trap . | . . . . Miscellaneous 1 | . . . 1 Route ------- -11/Scrapyard -10/Materials -10/Mines (discovered 2 exits: [*Mat] / *Sub) -10/Subcaves History --------- Turn | Location | Event 56 | -11/Scrapyard | Discovered new exit (range 16) 77 | -11/Scrapyard | Entered Materials 99 | -10/Materials | Identified exit to Mines 174 | -10/Materials | Entered Mines 308 | -10/Mines | Assembled infested the area 350 | -10/Mines | Destroyed 16 combat bots 372 | -10/Mines | Build established: Mutant 381 | -10/Mines | Lost 3 parts (1p1n1w) 531 | -10/Mines | Discovered new exit (range 6) 582 | -10/Mines | Discovered new exit (range 3) 584 | -10/Mines | Entered Subcaves 644 | -10/Subcaves | Shifting Twisted Machinery released Sub. Shrapnel Launcher 645 | -10/Subcaves | Shifting Twisted Machinery released Sub. Monowheel 819 | -10/Subcaves | Core integrity fell below 50% 959 | -10/Subcaves | Shifting Twisted Machinery released Riot Gun 1107 | -10/Subcaves | Core integrity fell below 20% 1149 | -10/Subcaves | Visited Clippyterm 1151 | -10/Subcaves | Lost 3 parts (1p1n1u) 1153 | -10/Subcaves | Learned location of Extension (-4) 1153 | -10/Subcaves | Learned Factory fabricator intel 1391 | -10/Subcaves | A swath of the cavern ceiling suddenly collapsed 1940 | -10/Subcaves | Shifting Twisted Machinery released Battle Rifle 2131 | -10/Subcaves | Destroyed by 7P-6TO(R) with Subdweller Machine Gun Last Messages --------------- Battle Rifle falls loose from the Twisted Machinery. 01952_ Acquired Battle Rifle. 01962_ Acquired Riot Gun. 02075_ J4-YSQ(R) destroyed. 02078_ Acquired 41 matter. 02083_ Subatomizers dissect the Sub. Optics. 02087_ F9-8DJ(R) destroyed. 02091_ Acquired 28 matter. 02093_ Acquired 5 matter. 02095_ 4J-GNR(R) destroyed. 02096_ Acquired 5 matter. 02098_ Subatomizers dissect the Sub. Optics. 02102_ Dropped Com. Wheel. 02102_ Dropped Sub. Machine Gun. 02103_ Dropped Sml. Storage Unit. 02103_ Acquired Scrap Shield. 02106_ Scrap Shield Fragment affixed to Scrap Shield (+18). 02110_ Subatomizers dissect the Sub. Optics. 02123_ Sub. Machine Gun destroyed. 02130_ 7P-6TO(R) suffers critical hit (Destroy). Map ----- +----------------------------------------------------+ | | | | | | | | | | | ?????????????????????????????????????????????????? | | ?????????????????????????????????????????????????? | | ?????????????????????????????????????????????????? | | ?????????????????????????????????????????????????? | | ?????????????????????????????????????????????????? | | ?????????????????????????????????????????????????? | | ?????????????????????????????????????????????????? | | ?????????????????????????????????????????????????? | | ?????????????????????????????????????????????????? | | ?????????????????????????????????????????????????? | | ?????????????????????????????????????????????????? | | ?????????????????????????????????????????????????? | | ?????????????????????????????????????????????????? | | ????????????????#######??????????????????????????? | | ????????????????#="" #??????????????????????????? | | ??####??????????# !![&#???##?????????????????????? | | ?## ###????????#% ! "#??? ##????????????????????? | | ## ####?????#%